 Dungeon Crawl Stone Soup version 0.30-a0-149-g7f746667c4 (webtiles) character file.

Game seed: 7122124071458062281

326 PyroL the Vexing (level 6, -10/32 HPs)
             Began as a Kobold Enchanter on Sept 26, 2022.
             Was an Initiate of Dithmenos.
             Mangled by an iguana (13 damage)
             ... on level 4 of the Dungeon.
             The game lasted 00:04:02 (2819 turns).

PyroL the Vexing (Kobold Enchanter)                 Turns: 2819, Time: 00:04:02

Health: -10/32     AC:  2    Str:  5    XL:     6   Next: 78%
Magic:  5/9        EV: 17    Int: 16    God:    Dithmenos [......]
Gold:   166        SH:  0    Dex: 18    Spells: 4/9 levels left

rFire   + . .      SeeInvis .    a - +1 dagger
rCold   x . .      Faith    .    (no shield)
rNeg    . . .      Spirit   .    b - +0 robe
rPois   .          Reflect  .    (no helmet)
rElec   .          Harm     .    (no cloak)
rCorr   .          Rampage  .    (no gloves)
Will    .....                    (no boots)
Stlth   ++++......               (no amulet)
HPRegen 0.10/turn                n - ring of fire
MPRegen 0.11/turn                (no ring)

@: very slightly contaminated
A: small, no large weapons, nightstalker 3
a: Renounce Religion


You were on level 4 of the Dungeon.
You worshipped Dithmenos.
Dithmenos was noncommittal.
You visited 1 branch of the dungeon, and saw 4 of its levels.

You collected 166 gold pieces.

Inventory:

Hand Weapons
 a - a +1 dagger (weapon)
Armour
 b - a +0 robe (worn)
Jewellery
 n - a ring of fire (left hand)
Wands
 o - a wand of acid (4)
Scrolls
 e - 2 scrolls of enchant weapon {unknown}
 f - a scroll of silence {unknown}
 g - 2 scrolls of vulnerability {unknown}
 h - a scroll of poison {unknown}
 k - a scroll of magic mapping {unknown}
 l - 2 scrolls of fear {unknown}
 m - a scroll of butterflies {unknown}
 p - a scroll of immolation {unknown}
Potions
 c - 3 potions of invisibility
 d - 2 potions of curing {unknown}
 i - 2 potions of might {unknown}
 j - a potion of heal wounds {unknown}


   Skills:
 + Level 4.3 Short Blades
 + Level 4.5 Dodging
 - Level 4.0 Stealth
 - Level 2.1 Spellcasting
 * Level 5.3 Hexes


You had 4 spell levels left.
You knew the following spells:

 Your Spells              Type           Power      Damage    Failure   Level
a - Ensorcelled Hibernat  Hex/Ice        20%        N/A       11%         2
b - Confusing Touch       Hex            18%        N/A       7%          3

Your spell library contained the following spells:

 Spells                   Type           Power      Damage    Failure   Level
 Tukima's Dance           Hex            18%        N/A       7%          3
 Dazzling Flash           Conj/Hex       20%        N/A       21%         3


Dungeon Overview and Level Annotations

Branches:
Dungeon (4/15)
 Temple: D:4-7

Altars:
Dithmenos
Yredelemnul


Innate Abilities, Weirdness & Mutations

You are small and have problems with some larger weapons.
You are completely attuned to the shadows.


Message History

The orc closely misses you.
You hit the orc.
You kill the orc!
Dithmenos accepts your kill. The iguana completely misses you.
The orc wizard barely misses you.
Items here: $ ))) †††.
You closely miss the orc wizard. The iguana misses you.
The orc wizard hits you but does no damage.
You hit the iguana but do no damage. The iguana bites you!
* * * LOW HITPOINT WARNING * * *
Casting: Confusing Touch (quite dangerous; 7% risk of failure)
Confirm with . or Enter, or press ? or * to list all spells.
Aiming: Ensorcelled Hibernation (safe; 11% risk of failure)
Press: ? - help, Shift-Dir - straight line, f - iguana
Aim: an iguana (chance to affect: 52%)
You miscast Ensorcelled Hibernation.
You are very lightly contaminated with residual magic.
Nothing appears to happen.
The iguana completely misses you.
Casting: Ensorcelled Hibernation (safe; 11% risk of failure)
Confirm with . or Enter, or press ? or * to list all spells.
Aiming: Ensorcelled Hibernation (safe; 11% risk of failure)
Press: ? - help, Shift-Dir - straight line, f/p - iguana
Aim: an iguana (chance to affect: 52%)
The iguana resists with significant effort.
The iguana completely misses you.
You hit the iguana but do no damage. The iguana bites you.
* * * LOW HITPOINT WARNING * * *
An orc comes into view. It is wielding a +0 club.
Casting: Ensorcelled Hibernation (safe; 11% risk of failure)
Confirm with . or Enter, or press ? or * to list all spells.
The spell is quite dangerous to miscast (7% risk of failure)!
Continue anyway?
Okay, then.
You hit the iguana.
The iguana is lightly wounded.
You hit the iguana but do no damage.
The iguana is lightly wounded.
The iguana bites you!
* * * LOW HITPOINT WARNING * * *
The iguana attacks as you move away! The iguana bites you!
You die...

.....# .#
.....##.#
.....#..# .......#
#..# ##.o####
#...oo.###
....###l@.# #.
..... ###.
###.###.. ..... #.
#.#... .....>...
#.
#)..#####........
#................
#......<###......
#......##........
............##..[.
(.........>##.....


You could see an iguana, an orc wizard and 2 orcs.

Vanquished Creatures
  Grinder (D:3)
  A water moccasin zombie (D:3)
  A white imp (D:4)
  2 dart slugs (D:1)
  An orc (D:4)
  4 bats
  8 endoplasms
  4 giant cockroaches
  6 goblins
  6 hobgoblins
  8 kobolds
  6 quokkas
  9 ball pythons
  2 frilled lizards
  A giant cockroach zombie (D:3)
  A quokka zombie (D:3)
  4 rats (D:1)
65 creatures vanquished.

Vanquished Creatures (others)
  2 plants (D:1)
2 creatures vanquished.

Grand Total: 67 creatures vanquished

Notes
Turn   | Place    | Note
-------+----------+-------------------------------------------
     0 | D:1      | PyroL the Kobold Enchanter began the quest for the Orb.
     0 | D:1      | Reached XP level 1. HP: 10/10 MP: 3/3
   143 | D:1      | Reached XP level 2. HP: 15/15 MP: 5/5
   311 | D:1      | Reached XP level 3. HP: 14/19 MP: 6/6
   314 | D:1      | Learned a level 2 spell: Ensorcelled Hibernation
   318 | D:1      | Learned a level 3 spell: Confusing Touch
   461 | D:1      | Found a faded altar of an unknown god.
  1187 | D:2      | Found a shadowy altar of Dithmenos.
  1192 | D:2      | Became a worshipper of Dithmenos the Shadowed
  1380 | D:2      | Reached XP level 4. HP: 24/24 MP: 7/7
  1874 | D:3      | Reached skill level 4 in Hexes
  1921 | D:3      | Reached XP level 5. HP: 20/28 MP: 8/8
  2021 | D:3      | Found a basalt altar of Yredelemnul.
  2050 | D:3      | Noticed Grinder
  2078 | D:3      | Killed Grinder
  2079 | D:3      | Reached skill level 5 in Hexes
  2079 | D:3      | Reached XP level 6. HP: 5/32 MP: 4/9
  2819 | D:4      | Mangled by an iguana

Illustrated notes

Levels and vault maps discovered:
D:1:      roderic_crop_circles_arrival_small, layout_loops_ring,
          ebering_ecumenical_altar_petrified, grunt_decor_junction,
          minmay_indecisive_spiral
D:2:      layout_loops_ring, basic_altar
D:3:      layout_loops_ring, nicolae_yredelemnul_corpse_copse,
          saegor_snake_ambush, uniq_grinder
D:4:      layout_rooms, serial_shops, shop

Skill      XL: |  1  2  3  4  5 |
---------------+----------------+-----
Short Blades   | 2 3 4 |  4.3
Dodging        | 3 4 |  4.5
Hexes          | 4 5 |  5.3
Stealth        | |  4.0
Spellcasting   | |  2.1

Action                   |  1- 3 |  4- 6 || total
-------------------------+-------+-------++-------
Melee: Dagger            |    53 |    89 ||   142
 Cast: Confusing Touch   |       |     2 ||     2
       Ensorcelled Hiber |       |     1 ||     1
 Stab: Sleeping          |    34 |    14 ||    48
       Confused          |       |     2 ||     2
Armor: Robe              |     2 |    12 ||    14
Dodge: Dodged            |     9 |    38 ||    47

Table legend: (Time is in decaauts)
 A = Elapsed time spent in this place.
 B = Non-inter-level travel time spent in this place.
 C = Inter-level travel time spent in this place.
 D = Time resting spent in this place.
 E = Time spent auto-exploring this place.
 F = Levels seen in this place.
 G = Mean time per level.
                   A        B        C        D        E       F      G
               +--------+--------+--------+--------+--------+-----+--------+
         Total |   2817 |   2779 |     38 |    265 |   2063 |   4 |  704.2 |
       Dungeon |   2817 |   2779 |     38 |    265 |   2063 |   4 |  704.2 |
               +--------+--------+--------+--------+--------+-----+--------+

Top non-repeatable levels by time:
     D:3: 1050 daAuts
     D:1: 969 daAuts
     D:2: 693 daAuts
     D:4: 104 daAuts
